| TOP OF THE 1ST |
|
Texas (APP) Rangers batting - Pitching for Princeton Rays : LHP Han Keijzer
|
|
Pitching: LHP Han Keijzer
|
|
|
Batting: SHB Tim Rogers
|
0-0: Ball 1-0: SINGLE (Line Drive, 9S, EV 92.5 MPH)
|
|
Batting: LHB Jose Cepero
|
0-0: Ball 1-0: Bunted foul 1-1: Bunt missed! 1-2: Sac Bunt to 3S - play at first, batter OUT! 3-1 Tim Rogers to second
|
|
Batting: RHB Luis Reyna
|
0-0: Ball 1-0: Ball 2-0: Called Strike 2-1: Ball Tim Rogers steals 3rd base 3-1: Base on Balls
|
|
Batting: RHB Jerry Foster
|
0-0: 3-RUN HOME RUN (Line Drive, 78XD, EV 102.5 MPH), Distance : 409 ft
|
|
Batting: RHB Nick Solberg
|
0-0: Called Strike 0-1: Foul Ball, location: 2F 0-2: Ground out 5-3 (Groundball, 5L, EV 86.9 MPH)
|
|
Batting: RHB Elias Sagrero
|
0-0: Fly out, F8 (Flyball, 78M, EV 93.1 MPH)
|
| Top of the 1st over - 3 runs, 2 hits, 0 errors, 0 left on base; Texas (APP) 3 - Princeton 0 |
| BOTTOM OF THE 1ST |
|
Princeton Rays batting - Pitching for Texas (APP) Rangers : LHP Jose Cepero
|
|
Pitching: LHP Jose Cepero
|
|
|
Batting: RHB Wan-ling Zhu
|
0-0: Called Strike 0-1: Ball 1-1: Foul Ball, location: 2F 1-2: Strikes out looking
|
|
Batting: SHB Omar Cervantes
|
0-0: Called Strike 0-1: Ball 1-1: Called Strike 1-2: Ground out 6-3 (Groundball, 56, EV 90.0 MPH)
|
|
Batting: LHB Dave Northam
|
0-0: Ball 1-0: Ball 2-0: Ball 3-0: Called Strike 3-1: Fly out, F4 (Popup, 4, EV 71.2 MPH)
|
| Bottom of the 1st over - 0 runs, 0 hits, 0 errors, 0 left on base; Texas (APP) 3 - Princeton 0 |
| TOP OF THE 2ND |
|
Texas (APP) Rangers batting - Pitching for Princeton Rays : LHP Han Keijzer
|
|
Batting: LHB Eddie Reyes
|
0-0: Ball 1-0: Foul Ball, location: 2F 1-1: SINGLE (Line Drive, 78S, EV 92.5 MPH)
|
|
Batting: RHB Luis Solorzano
|
0-0: Ball Eddie Reyes steals 2nd base 1-0: Ground out U3 (Groundball, 3L, EV 92.5 MPH) Eddie Reyes to third
|
|
Batting: SHB Albert Ortiz
|
0-0: Ball 1-0: Called Strike 1-1: Foul Ball, location: 2F 1-2: Foul Ball, location: 2F 1-2: Foul Ball, location: 2F 1-2: Ball 2-2: Ball 3-2: Foul Ball, location: 2F 3-2: Ground out 6-3 (Groundball, 6, EV 86.9 MPH) Eddie Reyes scores
|
|
Batting: SHB Tim Rogers
|
0-0: Ball 1-0: Ball 2-0: Ball 3-0: Base on Balls
|
|
Batting: LHB Jose Cepero
|
Pickoff Throw to First - Out! 1-3
|
| Top of the 2nd over - 1 run, 1 hit, 0 errors, 0 left on base; Texas (APP) 4 - Princeton 0 |
| BOTTOM OF THE 2ND |
|
Princeton Rays batting - Pitching for Texas (APP) Rangers : LHP Jose Cepero
|
|
Batting: SHB Luis Verduzco
|
0-0: Ball 1-0: Foul Ball, location: 2F 1-1: Swinging Strike 1-2: Ball 2-2: Foul Ball, location: 2F 2-2: Strikes out swinging
|
|
Batting: RHB Tim Dower
|
0-0: Called Strike 0-1: Foul Ball, location: 2F 0-2: Ground out 6-3 (Groundball, 6, EV 80.0 MPH)
|
|
Batting: RHB Mikey Sano
|
0-0: SINGLE (Groundball, 6MD, EV 109.4 MPH)
|
|
Batting: RHB Dave Valdez
|
0-0: Swinging Strike 0-1: Ball 1-1: Swinging Strike 1-2: Ball 2-2: Strikes out swinging
|
| Bottom of the 2nd over - 0 runs, 1 hit, 0 errors, 1 left on base; Texas (APP) 4 - Princeton 0 |
| TOP OF THE 3RD |
|
Texas (APP) Rangers batting - Pitching for Princeton Rays : LHP Han Keijzer
|
|
Batting: LHB Jose Cepero
|
0-0: Fly out, F6 (Line Drive, 6M, EV 60.0 MPH)
|
|
Batting: RHB Luis Reyna
|
0-0: Ground out 1-3 (Groundball, 13S, EV 75.0 MPH)
|
|
Batting: RHB Jerry Foster
|
0-0: Ball 1-0: Foul Ball, location: 2F 1-1: Called Strike 1-2: Ball 2-2: Foul Ball, location: 2F 2-2: Ball 3-2: Foul Ball, location: 2F 3-2: Base on Balls
|
|
Batting: RHB Nick Solberg
|
0-0: 2-RUN HOME RUN (Flyball, 78XD, EV 100.0 MPH), Distance : 394 ft
|
|
Batting: RHB Elias Sagrero
|
0-0: Called Strike 0-1: Ball 1-1: Ball 2-1: Ground out 5-3 (Groundball, 15, EV 91.2 MPH)
|
| Top of the 3rd over - 2 runs, 1 hit, 0 errors, 0 left on base; Texas (APP) 6 - Princeton 0 |
| BOTTOM OF THE 3RD |
|
Princeton Rays batting - Pitching for Texas (APP) Rangers : LHP Jose Cepero
|
|
Batting: LHB Eduardo Lopez
|
0-0: SINGLE (Line Drive, 56, EV 99.4 MPH)
|
|
Batting: RHB Bogumil Filipowski
|
0-0: Called Strike Eduardo Lopez steals 2nd base 0-1: Called Strike 0-2: Strikes out swinging
|
|
Batting: RHB Wan-ling Zhu
|
0-0: Foul Ball, location: 2F 0-1: Called Strike 0-2: Strikes out looking
|
|
Batting: SHB Omar Cervantes
|
0-0: Called Strike 0-1: Swinging Strike 0-2: Strikes out looking
|
| Bottom of the 3rd over - 0 runs, 1 hit, 0 errors, 1 left on base; Texas (APP) 6 - Princeton 0 |
| TOP OF THE 4TH |
|
Texas (APP) Rangers batting - Pitching for Princeton Rays : LHP Han Keijzer
|
|
Batting: LHB Eddie Reyes
|
0-0: Ball 1-0: Ball 2-0: Ball 3-0: Base on Balls
|
|
Pitching: LHP John Sceviour
|
|
|
Batting: RHB Luis Solorzano
|
0-0: Ball 1-0: Foul Ball, location: 2F 1-1: Called Strike 1-2: Foul Ball, location: 2F 1-2: Foul Ball, location: 2F 1-2: Ball 2-2: Ball 3-2: Foul Ball, location: 2F 3-2: 2-RUN HOME RUN (Line Drive, 7LD, EV 93.8 MPH), Distance : 340 ft
|
|
Batting: SHB Albert Ortiz
|
0-0: Ground out 5-3 (Groundball, 5, EV 103.8 MPH)
|
|
Batting: SHB Tim Rogers
|
0-0: Called Strike 0-1: Fly out, F8 (Line Drive, 78M, EV 87.5 MPH)
|
|
Batting: LHB Jose Cepero
|
0-0: Ball 1-0: Swinging Strike 1-1: SINGLE (Line Drive, 56, EV 104.4 MPH)
|
|
Batting: RHB Luis Reyna
|
0-0: Ball 1-0: Ball 2-0: Ball Wild Pitch! Jose Cepero to second 3-0: Called Strike 3-1: Ground out U3 (Groundball, 34, EV 82.5 MPH)
|
| Top of the 4th over - 2 runs, 2 hits, 0 errors, 1 left on base; Texas (APP) 8 - Princeton 0 |
| BOTTOM OF THE 4TH |
|
Princeton Rays batting - Pitching for Texas (APP) Rangers : LHP Jose Cepero
|
|
Batting: LHB Dave Northam
|
0-0: Ball 1-0: Fly out, F8 (Flyball, 8LM, EV 89.4 MPH)
|
|
Batting: SHB Luis Verduzco
|
0-0: Foul Ball, location: 2F 0-1: Swinging Strike 0-2: Ball 1-2: Strikes out swinging, 2-3 out at first.
|
|
Batting: RHB Tim Dower
|
0-0: Ball 1-0: Swinging Strike 1-1: Ball 2-1: Foul Ball, location: 2F 2-2: Strikes out swinging
|
| Bottom of the 4th over - 0 runs, 0 hits, 0 errors, 0 left on base; Texas (APP) 8 - Princeton 0 |
| TOP OF THE 5TH |
|
Texas (APP) Rangers batting - Pitching for Princeton Rays : LHP John Sceviour
|
|
Batting: RHB Jerry Foster
|
0-0: Ball 1-0: Swinging Strike 1-1: Foul Ball, location: 2F 1-2: TRIPLE (Flyball, 89XD, EV 92.5 MPH)
|
|
Batting: RHB Nick Solberg
|
0-0: Ball 1-0: Ball Passed Ball! Jerry Foster scores 2-0: Called Strike 2-1: Ball 3-1: Base on Balls
|
|
Batting: RHB Elias Sagrero
|
0-0: Ball 1-0: Called Strike 1-1: Foul Ball, location: 2F 1-2: Fielders Choice at 2nd, 5-4 (Groundball, 5, EV 80.0 MPH)
|
|
Batting: LHB Eddie Reyes
|
0-0: Ball 1-0: Called Strike 1-1: Foul Ball, location: 2F 1-2: Foul Ball, location: 2F 1-2: Ball 2-2: Strikes out swinging
|
|
Pitching: RHP J.P. Tesauro
|
|
|
Batting: RHB Luis Solorzano
|
0-0: Ball 1-0: Foul Ball, location: 2F 1-1: DOUBLE (Line Drive, 89XD, EV 106.9 MPH) Elias Sagrero to third Runner from 3rd tries for Home, SAFE, throw by CF to trailing runner, SAFE at third!
|
|
Batting: SHB Albert Ortiz
|
0-0: Ground out 1-3 (Groundball, 13, EV 70.0 MPH)
|
| Top of the 5th over - 2 runs, 2 hits, 0 errors, 1 left on base; Texas (APP) 10 - Princeton 0 |
| BOTTOM OF THE 5TH |
|
Princeton Rays batting - Pitching for Texas (APP) Rangers : LHP Jose Cepero
|
|
Batting: RHB Mikey Sano
|
0-0: Ball 1-0: Swinging Strike 1-1: Swinging Strike 1-2: Strikes out looking
|
|
Batting: RHB Dave Valdez
|
0-0: Ball 1-0: Ground out 6-3 (Groundball, 56, EV 101.2 MPH)
|
|
Batting: LHB Eduardo Lopez
|
0-0: Called Strike 0-1: Ground out 6-3 (Groundball, 6M, EV 101.9 MPH)
|
| Bottom of the 5th over - 0 runs, 0 hits, 0 errors, 0 left on base; Texas (APP) 10 - Princeton 0 |
| TOP OF THE 6TH |
|
Texas (APP) Rangers batting - Pitching for Princeton Rays : RHP J.P. Tesauro
|
|
Batting: SHB Tim Rogers
|
0-0: Ball 1-0: Swinging Strike 1-1: Swinging Strike 1-2: Ball 2-2: Foul Ball, location: 2F 2-2: Ball 3-2: Base on Balls
|
|
Batting: LHB Jose Cepero
|
0-0: Sac Bunt to 13S - play at first, batter OUT! 1-4 Tim Rogers to second
|
|
Batting: RHB Luis Reyna
|
0-0: Ball 1-0: Ball 2-0: Foul Ball, location: 2F 2-1: Foul Ball, location: 2F 2-2: Strikes out swinging
|
|
Batting: RHB Jerry Foster
|
0-0: Called Strike 0-1: Called Strike 0-2: Ball 1-2: Ball 2-2: Foul Ball, location: 2F 2-2: Ball 3-2: Ground out 2-3 (Groundball, 15S, EV 63.8 MPH)
|
| Top of the 6th over - 0 runs, 0 hits, 0 errors, 1 left on base; Texas (APP) 10 - Princeton 0 |
| BOTTOM OF THE 6TH |
|
Princeton Rays batting - Pitching for Texas (APP) Rangers : LHP Jose Cepero
|
|
Batting: RHB Bogumil Filipowski
|
0-0: Called Strike 0-1: Ball 1-1: Ball 2-1: Foul Ball, location: 2F 2-2: Foul Ball, location: 2F 2-2: Ball 3-2: Fly out, F4 (Popup, 3S, EV 85.0 MPH)
|
|
Batting: RHB Wan-ling Zhu
|
0-0: Foul Ball, location: 2F 0-1: Ball 1-1: Ball 2-1: Ground out 6-3 (Groundball, 6, EV 77.5 MPH)
|
|
Batting: SHB Omar Cervantes
|
0-0: Ball 1-0: Foul Ball, location: 2F 1-1: Foul Ball, location: 2F 1-2: Ground out 6-3 (Groundball, 56, EV 105.0 MPH)
|
| Bottom of the 6th over - 0 runs, 0 hits, 0 errors, 0 left on base; Texas (APP) 10 - Princeton 0 |
| TOP OF THE 7TH |
|
Texas (APP) Rangers batting - Pitching for Princeton Rays : RHP J.P. Tesauro
|
|
Pitching: RHP Cortez Cruz
|
|
|
Batting: RHB Nick Solberg
|
0-0: Called Strike 0-1: Ground out 6-3 (Groundball, 6, EV 81.2 MPH)
|
|
Batting: RHB Elias Sagrero
|
0-0: Ball 1-0: Foul Ball, location: 2F 1-1: Ball 2-1: Foul Ball, location: 2F 2-2: SINGLE (Groundball, 56D, EV 100.6 MPH)
|
|
Batting: LHB Eddie Reyes
|
0-0: Ball 1-0: Swinging Strike 1-1: Grounds into double play, 4-6-3 (Groundball, 4, EV 93.8 MPH)
|
| Top of the 7th over - 0 runs, 1 hit, 0 errors, 0 left on base; Texas (APP) 10 - Princeton 0 |
| BOTTOM OF THE 7TH |
|
Princeton Rays batting - Pitching for Texas (APP) Rangers : LHP Jose Cepero
|
|
Batting: LHB Dave Northam
|
0-0: Ball 1-0: Foul Ball, location: 2F 1-1: Swinging Strike 1-2: Ball 2-2: Foul Ball, location: 2F 2-2: Fly out, F7 (Flyball, 78M, EV 93.8 MPH)
|
|
Batting: SHB Luis Verduzco
|
0-0: Ball 1-0: Ball 2-0: Ball 3-0: Called Strike 3-1: Ground out 6-3 (Groundball, 6, EV 88.8 MPH)
|
|
Batting: RHB Tim Dower
|
0-0: Called Strike 0-1: Ball 1-1: Swinging Strike 1-2: Strikes out swinging
|
| Bottom of the 7th over - 0 runs, 0 hits, 0 errors, 0 left on base; Texas (APP) 10 - Princeton 0 |
| TOP OF THE 8TH |
|
Texas (APP) Rangers batting - Pitching for Princeton Rays : RHP Cortez Cruz
|
|
Batting: RHB Luis Solorzano
|
0-0: Ball 1-0: Ball 2-0: SINGLE (Groundball, 3S, EV 68.8 MPH) (infield hit)
|
|
Batting: SHB Albert Ortiz
|
0-0: DOUBLE (Flyball, 78D, EV 111.2 MPH) Luis Solorzano to third
|
|
Batting: SHB Tim Rogers
|
0-0: Called Strike 0-1: Called Strike 0-2: Foul Ball, location: 2F 0-2: Ground out 4-3 (Groundball, 34D, EV 108.1 MPH) Luis Solorzano scores Albert Ortiz to third
|
|
Batting: LHB Jose Cepero
|
0-0: Ball 1-0: SINGLE (Groundball, 4MD, EV 98.8 MPH) Albert Ortiz scores
|
|
Pitching: RHP Michito Higashi
|
|
|
Pinch Hitting: RHB Torsten Fisher
|
0-0: Ball 1-0: Called Strike 1-1: Foul Ball, location: 2F 1-2: Ball 2-2: Ball 3-2: Strikes out looking
|
|
Batting: RHB Jerry Foster
|
0-0: Ball 1-0: Foul Ball, location: 2F 1-1: SINGLE (Groundball, 5S, EV 76.9 MPH) (infield hit) Jose Cepero to second
|
|
Batting: RHB Nick Solberg
|
0-0: Ball 1-0: Called Strike 1-1: Hit by Pitch Jose Cepero to third Jerry Foster to second
|
|
Batting: RHB Elias Sagrero
|
0-0: Ball 1-0: SINGLE (Line Drive, 89S, EV 110.0 MPH) Jose Cepero scores Jerry Foster to third Nick Solberg to second Runner from 3rd tries for Home, SAFE, throw by RF to home
|
|
Batting: LHB Eddie Reyes
|
0-0: Ball 1-0: Swinging Strike 1-1: Ball 2-1: Swinging Strike 2-2: Foul Ball, location: 2F 2-2: Ball 3-2: Foul Ball, location: 2F 3-2: Foul Ball, location: 2F 3-2: Foul Ball, location: 2F 3-2: Fly out, F9 (Flyball, 9, EV 78.8 MPH)
|
| Top of the 8th over - 4 runs, 5 hits, 0 errors, 2 left on base; Texas (APP) 14 - Princeton 0 |
| BOTTOM OF THE 8TH |
|
Princeton Rays batting - Pitching for Texas (APP) Rangers : LHP Jose Cepero
|
|
Now at 1B: Torsten Fisher
|
|
|
Batting: RHB Mikey Sano
|
0-0: Ball 1-0: Called Strike 1-1: Ball 2-1: Foul Ball, location: 2F 2-2: Ball 3-2: Strikes out swinging
|
|
Batting: RHB Dave Valdez
|
0-0: SINGLE (Groundball, 56, EV 101.2 MPH) (infield hit)
|
|
Pinch Hitting: SHB Ray Luna
|
0-0: Called Strike 0-1: Foul Ball, location: 2F 0-2: Ball 1-2: Ball 2-2: Ball 3-2: Fielders Choice at 2nd, 6-4 (Groundball, 6, EV 86.9 MPH)
|
|
Pitching: RHP Jose Vela
|
|
|
Batting: RHB Bogumil Filipowski
|
0-0: Ball 1-0: Called Strike 1-1: Ball 2-1: Foul Ball, location: 2F 2-2: Strikes out swinging
|
| Bottom of the 8th over - 0 runs, 1 hit, 0 errors, 1 left on base; Texas (APP) 14 - Princeton 0 |
| TOP OF THE 9TH |
|
Texas (APP) Rangers batting - Pitching for Princeton Rays : RHP Michito Higashi
|
|
Now in LF: Sean Boenig
|
|
|
Batting: RHB Luis Solorzano
|
0-0: Ball 1-0: Ground out 6-3 (Groundball, 6, EV 87.5 MPH)
|
|
Batting: SHB Albert Ortiz
|
0-0: Foul Ball, location: 2F 0-1: Called Strike 0-2: Ball 1-2: Ball 2-2: Ball 3-2: Fly out, F9 (Line Drive, 9LM, EV 91.9 MPH)
|
|
Batting: SHB Tim Rogers
|
0-0: Fly out, F6 (Popup, 4MD, EV 65.6 MPH)
|
| Top of the 9th over - 0 runs, 0 hits, 0 errors, 0 left on base; Texas (APP) 14 - Princeton 0 |
| BOTTOM OF THE 9TH |
|
Princeton Rays batting - Pitching for Texas (APP) Rangers : RHP Jose Vela
|
|
Batting: RHB Wan-ling Zhu
|
0-0: Called Strike 0-1: Ball 1-1: Called Strike 1-2: Strikes out swinging
|
|
Pinch Hitting: RHB Octavio Cuevas
|
0-0: Called Strike 0-1: Ball 1-1: Ball 2-1: Ball 3-1: Base on Balls
|
|
Batting: LHB Dave Northam
|
0-0: Ball 1-0: Ball 2-0: Foul Ball, location: 2F 2-1: 2-RUN HOME RUN (Flyball, 9LD, EV 95.6 MPH), Distance : 336 ft
|
|
Pinch Hitting: SHB Berthold Frey
|
0-0: Ball 1-0: Ball 2-0: Ball 3-0: Base on Balls
|
|
Batting: RHB Tim Dower
|
0-0: Foul Ball, location: 2F 0-1: Swinging Strike 0-2: Strikes out swinging
|
|
Pinch Hitting: LHB Oscar Curiel
|
0-0: Foul Ball, location: 2F 0-1: Ball 1-1: SINGLE (Groundball, 34D, EV 98.1 MPH) Berthold Frey to second
|
|
Batting: RHB Dave Valdez
|
0-0: Ball 1-0: Ball 2-0: Called Strike 2-1: Foul Ball, location: 2F 2-2: Ball 3-2: Strikes out looking
|
| Bottom of the 9th over - 2 runs, 2 hits, 0 errors, 2 left on base; Texas (APP) 14 - Princeton 2 |
|